 Dungeon Crawl Stone Soup version 0.29-a0-231-g945431f764 (webtiles) character file.

Game seed: 12221882754310212572

65 YayAnonymity the Chopper (level 4, -1/34 (39) HPs)
             Began as a Hill Orc Abyssal Knight on Feb 28, 2022.
             Was a Follower of Lugonu.
             Slain by a necrophage (4 damage)
             ... on level 4 of the Dungeon.
             The game lasted 00:02:52 (1688 turns).

YayAnonymity the Chopper (Hill Orc Abyssal Knight)  Turns: 1688, Time: 00:02:53

HP:   -1/34 (39)    AC:  4    Str: 17    XL:     4   Next: 14%
MP:   5/5           EV: 11    Int: 10    God:    Lugonu [*.....]
Gold: 52            SH:  0    Dex: 11    Spells: 3/3 levels left

rFire   . . .      SeeInvis .   a - +1 hand axe
rCold   . . .      Faith    .   (no shield)
rNeg    . . .      Spirit   .   b - +0 leather armour
rPois   .          Reflect  .   (no helmet)
rElec   .          Harm     .   g - scarf {shadows}
rCorr   .          Rampage  .   (no gloves)
Will    .....                   c - +0 pair of boots
Stlth   +.........              (no amulet)
HPRegen 0.11/turn               (no ring)
MPRegen 0.09/turn               (no ring)

@: heavily drained
A: no striking features
a: Renounce Religion, Depart the Abyss


You were on level 4 of the Dungeon.
You worshipped Lugonu.
Lugonu was aware of your devotion.
You visited 1 branch of the dungeon, and saw 3 of its levels.
You visited the Abyss 1 time.

You collected 52 gold pieces.

Inventory:

Hand Weapons
 a - a +1 hand axe (weapon)
Missiles
 d - 3 boomerangs of dispersal
Armour
 b - a +0 leather armour (worn)
 c - a +0 pair of boots (worn)
 g - a scarf of shadows (worn)
Wands
 m - a wand of mindburst (16)
Scrolls
 h - a scroll of teleportation {unknown}
 j - a scroll of blinking {unknown}
 k - a scroll of enchant armour {unknown}
 l - a scroll of summoning {unknown}
Potions
 f - a potion of invisibility {unknown}
 i - a potion of brilliance {unknown}


   Skills:
 - Level 3.6 Fighting
 + Level 5.7 Axes
 - Level 2.1 Armour
 - Level 0.7 Dodging
 - Level 2.4 Invocations


You had 3 spell levels left.
You didn't know any spells.
Your spell library was empty.

Dungeon Overview and Level Annotations

Branches:
Dungeon (2/15)

Altars:

Shops:
D:1 :


Message History

The necrophage is heavily damaged.
Your hearing returns.
The necrophage hits you.
You feel drained.
You closely miss the necrophage.
The necrophage is heavily damaged.
The necrophage hits you.
* * * LOW HITPOINT WARNING * * *
You hit the necrophage.
The necrophage is heavily damaged.
The necrophage barely misses you.
You hit the necrophage.
The necrophage is severely damaged.
The necrophage hits you.
* * * LOW HITPOINT WARNING * * *
You feel drained.
You hit the necrophage but do no damage.
The necrophage is severely damaged.
The necrophage hits you.
* * * LOW HITPOINT WARNING * * *
You feel drained.
You hit the necrophage but do no damage.
The necrophage is severely damaged.
The necrophage hits you.
* * * LOW HITPOINT WARNING * * *
You feel drained.
* * * LOW HITPOINT WARNING * * *
You hit the necrophage.
The necrophage is almost destroyed.
The necrophage closely misses you.
You hit the necrophage.
The necrophage is almost destroyed.
The necrophage barely misses you.
You closely miss the necrophage.
The necrophage is almost destroyed.
The necrophage barely misses you.
You barely miss the necrophage.
The necrophage is almost destroyed.
A ball python comes into view.
The necrophage hits you.
You die...

###### ......
...... ...l..
##### ......
#...#
.....$#####...#
......Kln@....#
...S..#####...#
....($ #....#
#.###. ......#
. #. #.##...#
#.... #...#
#..# #####


You could see a necrophage, an iguana, a ball python (wandering) and a kobold.

Vanquished Creatures
  3 adders
  A worm (D:2)
  2 ball pythons
  5 endoplasms
  2 giant cockroaches (D:1)
  6 hobgoblins
  3 kobolds (D:1)
  2 quokkas (D:1)
  4 bats
  A frilled lizard (D:1)
  3 goblins
  4 rats (D:1)
  A bush (D:1)
37 creatures vanquished.

Vanquished Creatures (others)
  5 plants (D:1)
5 creatures vanquished.

Grand Total: 42 creatures vanquished

Notes
Turn   | Place    | Note
-------+----------+-------------------------------------------
     0 | Abyss:1  | YayAnonymity the Hill Orc Abyssal Knight began the quest
                  | for the Orb.
     0 | Abyss:1  | Reached XP level 1. HP: 19/19 MP: 2/2
    55 | Abyss:1  | Found a corrupted altar of Lugonu.
    75 | Abyss:1  | Noticed a golden eye
    75 | D:1      | Escaped the Abyss
    90 | D:1      | Noticed a formicid
    90 | D:1      | Noticed a dwarf
    92 | D:1      | Noticed a minotaur
    92 | D:1      | Noticed an octopode
    94 | D:1      | Noticed a felid
    96 | D:1      | Noticed a draconian
    96 | D:1      | Noticed a demonspawn
    98 | D:1      | Noticed a ghoul
   100 | D:1      | Noticed a merfolk
   100 | D:1      | Noticed a troll
   102 | D:1      | Noticed a vampire
   102 | D:1      | Noticed a vine stalker
   104 | D:1      | Noticed a spriggan
   104 | D:1      | Noticed a naga
   106 | D:1      | Noticed an elf
   106 | D:1      | Noticed an ogre
   108 | D:1      | Noticed a demigod
   110 | D:1      | Noticed a gargoyle
   112 | D:1      | Noticed a human
   114 | D:1      | Noticed a tengu
   134 | D:1      | Reached skill level 3 in Axes
   161 | D:1      | Found Plog's Book Boutique.
   181 | D:1      | Reached XP level 2. HP: 25/26 MP: 3/3
   400 | D:1      | Reached * piety under Lugonu
   424 | D:1      | Reached skill level 4 in Axes
   960 | D:1      | Reached XP level 3. HP: 28/31 MP: 4/4
  1281 | D:2      | Reached skill level 5 in Axes
  1637 | D:2      | Identified the +2 robe of Insecurity {Harm rF+ Str+4}
  1645 | D:2      | You fall into a shaft and drop 2 floors!
  1656 | D:4      | Noticed a necrophage
  1676 | D:4      | Reached XP level 4. HP: 22/39 MP: 5/5
  1688 | D:4      | Slain by a necrophage

Illustrated notes

Levels and vault maps discovered:
D:1:      kb_arrival_jail, layout_rooms, serial_forest,
          infiniplex_forest_straight_5, infiniplex_forest_clump_long,
          infiniplex_forest_clump_medium, infiniplex_forest_side_room,
          infiniplex_forest_straight_2, infiniplex_forest_clump_medium,
          serial_shops, shop
D:2:      layout_rooms, minmay_misc_feat_x
D:4:      layout_rooms, minmay_temple_entry_butterflies, enter_ossuary_1,
          lightli_minifort

Skill      XL: |  1  2  3 |
---------------+----------+-----
Axes           | 3 4 5 |  5.7
Fighting       | |  3.6
Armour         | |  2.1
Dodging        | |  0.7
Invocations    | |  2.4

Action                   |  1- 3 |  4- 6 || total
-------------------------+-------+-------++-------
Melee: Hand axe          |   228 |    13 ||   241
       Punch             |     3 |       ||     3
Invok: Depart the Abyss  |     1 |       ||     1
  Use: Scroll            |     1 |       ||     1
Armor: Leather armour    |    33 |     1 ||    34
Dodge: Dodged            |    74 |     5 ||    79

Table legend: (Time is in decaauts)
 A = Elapsed time spent in this place.
 B = Non-inter-level travel time spent in this place.
 C = Inter-level travel time spent in this place.
 D = Time resting spent in this place.
 E = Time spent auto-exploring this place.
 F = Levels seen in this place.
 G = Mean time per level.
                   A        B        C        D        E       F      G
               +--------+--------+--------+--------+--------+-----+--------+
         Total |   1705 |   1636 |     69 |      0 |   1207 |   4 |  426.2 |
       Dungeon |   1630 |   1561 |     69 |      0 |   1133 |   3 |  543.3 |
         Abyss |     75 |     75 |      0 |      0 |     74 |   1 |   75.0 |
               +--------+--------+--------+--------+--------+-----+--------+

Top non-repeatable levels by time:
     D:1: 1200 daAuts
     D:2: 386 daAuts
 Abyss:1: 75 daAuts
     D:4: 43 daAuts
